 Dungeon Crawl Stone Soup version 0.18-a0-1147-g8e8348b (webtiles) character file.

2249 st0uf the Changer (level 9, -12/64 HPs)
             Began as a Green Draconian Transmuter on Jan 22, 2016.
             Was a Believer of Makhleb.
             Mangled by an orc warrior
             ... wielding a +0 flail
              (22 damage)
             ... on level 6 of the Dungeon.
             The game lasted 00:31:17 (5752 turns).

st0uf the Changer (Green Draconian Transmuter)      Turns: 5752, Time: 00:31:18

Health: -12/64     AC:  2    Str: 13    XL:     9   Next: 15%
Magic:  10/12      EV: 24    Int: 17    God:    Makhleb [**....]
Gold:   272        SH:  0    Dex: 16    Spells: 4 memorised, 1 level left

rFire  . . .     SeeInvis .       - Unarmed
rCold  . . .     Gourm    .     (armour unavailable)
rNeg   . . .     Faith    .     (shield currently unavailable)
rPois  x         Spirit   .     (helmet currently unavailable)
rElec  .         Dismiss  .     (cloak currently unavailable)
rCorr  .         Reflect  .     (gloves currently unavailable)
SustAt .         Harm     .     (boots currently unavailable)
MR     .....                    (no amulet)
Stlth  +.........               (no ring)
                                (no ring)

@: spider-form, not resistant to hostile enchantments, very unstealthy
A: (breathe noxious fumes), unfitting armour, (poison resistance),
(cold-blooded), AC +7
a: End Transformation, Minor Destruction, Renounce Religion


You were on level 6 of the Dungeon.
You worshipped Makhleb.
Makhleb was pleased with you.
You were near starving.
You were a venomous arachnid creature.
You visited 2 branches of the dungeon, and saw 7 of its levels.

You collected 272 gold pieces.

Inventory:

Missiles
 a - 69 arrows
 A - 15 poisoned arrows
Armour
 w - a +1 cloak (melded)
 D - a +2 hat (melded)
Scrolls
 d - 6 scrolls of remove curse {unknown}
 f - 3 scrolls of teleportation {unknown}
 i - a scroll of recharging {unknown}
 k - a scroll of random uselessness {unknown}
 o - 3 scrolls of identify {unknown}
 p - 2 scrolls of enchant armour {unknown}
 t - 2 scrolls of fog {unknown}
 u - 3 scrolls of amnesia {unknown}
 x - a scroll of fear {unknown}
 y - a scroll of noise {unknown}
Potions
 e - a potion of brilliance {unknown}
 g - 2 potions of heal wounds {unknown}
 j - 3 potions of poison {unknown}
 l - a potion of cancellation {unknown}
 m - 2 potions of curing {unknown}
 q - a potion of agility {unknown}
 r - a potion of haste {unknown}
 s - a potion of might {unknown}
 v - a potion of cure mutation {unknown}
 z - a potion of berserk rage {unknown}
 C - a potion of flight {unknown}
Books
 b - a book of Changes

   Spells                             Type                      Level
   a - Beastly Appendage              Transmutation                1
   b - Sticks to Snakes               Transmutation                2
   c - Spider Form                    Transmutation/Poison         3
   d - Ice Form                       Ice/Transmutation            4
   e - Blade Hands                    Transmutation                5
Comestibles
 c - 6 bread rations
 h - 2 slices of pizza
 n - 4 meat rations
 B - 4 fruits


   Skills:
 - Level 1.1 Fighting
 + Level 6.1 Dodging
 + Level 6.9 Unarmed Combat
 - Level 2.0 Spellcasting
 * Level 7.6 Transmutations
 + Level 4.0 Poison Magic


You had one spell level left.
You knew the following spells:

 Your Spells              Type           Power        Failure   Level  Hunger
a - Beastly Appendage     Trmt           ####..       4%          1    #......
b - Sticks to Snakes      Trmt           ####....     6%          2    ###....
c - Spider Form           Trmt/Pois      ###.......   21%         3    ###....
d - Blade Hands           Trmt           ####......   45%         5    ######.


Dungeon Overview and Level Annotations

Branches:
Dungeon (6/15)             Temple (1/1) D:5

Altars:
Ashenzari
Cheibriados
Dithmenos
Elyvilon
Fedhas
Gozag
Kikubaaqudgha
Makhleb
Nemelex Xobeh
Okawaru
Pakellas
Qazlal
Ru
Sif Muna
Trog
Vehumet
Xom
Yredelemnul
The Shining One


Innate Abilities, Weirdness & Mutations

((You can breathe blasts of noxious fumes.))
((Your lurid green scales are hard (AC +7).))
Your body does not fit into most forms of armour.
((Your system is resistant to poisons.))
((You are cold-blooded and may be slowed by cold attacks.))


Message History

You hit the orc warrior but do no damage.
The orc warrior is poisoned.
The orc wizard barely misses you. The orc warrior misses you.
The orc wizard casts a spell at you. The magic dart hits you!
You hit the orc warrior.
The orc warrior looks even sicker.
The orc warrior is lightly wounded.
The orc wizard closely misses you. The orc warrior completely misses you.
You bite the orc warrior!
The orc warrior is moderately wounded.
The orc wizard hits you but does no damage.
The orc warrior hits you with a flail!!
* * * LOW HITPOINT WARNING * * *
You hit the orc warrior but do no damage.
The orc warrior is heavily wounded.
The orc wizard closely misses you. The orc wizard misses you.
You hit the orc warrior but do no damage.
The orc warrior is severely wounded.
The orc wizard misses you. The orc warrior hits you with a flail!!
You die...

############
#..........### ##
##.............####...
#..................<..
#............./##.....
###............o........
#.............so.......o
..#.....................
........................
###.........$#....)...
#....#####............
#....# #.)#.##.......
#....# #.##.# ###.##.
#######..####.##.. .#
....###>...##.###..


You could see an orc warrior and an orc wizard.

Vanquished Creatures
  The ghost of WhatIsLove the Skirmisher, an amateur DsGl of Cheibriados (D:4)
  Grinder (D:5)
  Sigmund (D:4)
  Menkaure (D:5)
  A steam dragon (D:5)
  Edmund (D:5)
  2 ice beasts (D:6)
  A sky beast (D:5)
  2 ogres
  A centaur (D:6)
  A wyvern zombie (D:6)
  A scorpion (D:4)
  2 crimson imps (D:5)
  2 hounds
  Crazy Yiuf (D:5)
  4 orc priests
  A giant frog skeleton (D:3)
  2 orc wizards (D:3)
  5 worker ants
  A hound zombie (D:5)
  Robin (D:4)
  4 gnolls (D:5)
  A worker ant zombie (D:6)
  8 adders
  2 oozes (D:1)
  An adder skeleton (D:5)
  2 worms
  3 giant geckos
  16 orcs
  2 ball pythons
  4 bats
  3 giant cockroaches
  20 goblins
  2 hobgoblins (D:3)
  11 jackals
  4 kobolds
  3 quokkas
  6 giant newts
  4 rats
129 creatures vanquished.

Vanquished Creatures (others)
  A wasp (D:3)
1 creature vanquished.

Grand Total: 130 creatures vanquished

Notes
Turn   | Place    | Note
--------------------------------------------------------------
     0 | D:1      | st0uf the Draconian Transmuter began the quest for the Orb.
     0 | D:1      | Reached XP level 1. HP: 16/16 MP: 3/3
    81 | D:1      | Reached XP level 2. HP: 12/23 MP: 1/5
   820 | D:2      | Reached XP level 3. HP: 28/28 MP: 6/6
   834 | D:2      | Learned a level 2 spell: Sticks to Snakes
   838 | D:2      | Learned a level 3 spell: Spider Form
   934 | D:2      | Reached skill level 4 in Unarmed Combat
  1231 | D:3      | Reached XP level 4. HP: 18/35 MP: 5/7
  1568 | D:3      | Reached XP level 5. HP: 33/40 MP: 4/8
  1969 | D:3      | Found a sacrificial altar of Ru.
  1971 | D:3      | Found a blossoming altar of Fedhas.
  1973 | D:3      | Found a white marble altar of Elyvilon.
  2124 | D:3      | Reached XP level 6. HP: 31/47 MP: 1/9
  2518 | D:3      | Found an oddly glowing altar of Pakellas.
  2518 | D:3      | Noticed an orange crystal statue
  2691 | D:4      | Noticed WhatIsLove's ghost (amateur DsGl)
  2698 | D:5      | Entered Level 5 of the Dungeon
  2698 | D:5      | Noticed Grinder
  2714 | D:5      | Killed Grinder
  2714 | D:5      | Reached skill level 1 in Poison Magic
  2722 | D:5      | Reached XP level 7. HP: 47/52 MP: 7/10
  2722 | D:5      | Your scales start taking on a lurid green colour.
  2722 | D:5      | Gained mutation: Your system is resistant to poisons. [Green Draconian growth]
  2730 | D:5      | Reached skill level 5 in Transmutations
  2802 | D:5      | Reached skill level 5 in Unarmed Combat
  2814 | D:5      | Found a staircase to the Ecumenical Temple.
  2825 | Temple   | Entered the Ecumenical Temple
  2901 | Temple   | Became a worshipper of Makhleb the Destroyer
  2923 | D:5      | Noticed Edmund
  2970 | D:5      | Killed Edmund
  3194 | D:5      | Noticed Crazy Yiuf
  3204 | D:5      | Killed Crazy Yiuf
  3609 | D:5      | Reached * piety under Makhleb
  3612 | D:5      | Reached skill level 6 in Transmutations
  3618 | D:5      | Reached XP level 8. HP: 59/59 MP: 8/11
  3652 | D:5      | Noticed Menkaure
  3658 | D:5      | Killed Menkaure
  3658 | D:5      | Reached skill level 5 in Dodging
  4553 | D:4      | Noticed Sigmund
  4567 | D:4      | Noticed Robin
  4609 | D:4      | Killed Sigmund
  4609 | D:4      | Reached skill level 7 in Transmutations
  4610 | D:4      | Killed Robin
  4879 | D:5      | Learned a level 5 spell: Blade Hands
  4893 | D:4      | Killed WhatIsLove's ghost
  5410 | D:6      | Reached ** piety under Makhleb
  5410 | D:6      | Reached XP level 9. HP: 64/64 MP: 9/12
  5752 | D:6      | Mangled by an orc warrior

Vault maps used:
D:1:      enne_arrival_octagon_isle
D:3:      grunt_temple_overflow_open, first_bread,
          gammafunk_pakellas_statue_experiment
D:4:      uniq_robin, uniq_sigmund
D:5:      minmay_temple_entry_glass, uniq_crazy_yiuf_cottage, uniq_menkaure,
          uniq_edmund, uniq_grinder
D:6:      serial_shops, kennysheep_mini_moat
Temple:   nicolae_temple_the_god_donut

Action                   |  1- 3 |  4- 6 |  7- 9 || total
-------------------------+-------+-------+-------++-------
Melee: Unarmed           |   108 |   129 |   249 ||   486
 Cast: Beastly Appendage |    23 |     7 |     4 ||    34
       Spider Form       |       |    13 |    29 ||    42
       Blade Hands       |       |       |     1 ||     1
 Abil: Breathe Noxious F |       |       |    10 ||    10
       End Transformatio |       |       |     1 ||     1
 Stab: Confused          |       |       |     3 ||     3
  Eat: Chunk             |     2 |     6 |    15 ||    23
